 Dungeon Crawl Stone Soup version 0.26-a0-639-g72c4674329 (webtiles) character file.

Game seed: 4196877334400532753

1454 DogServant the Chopper (level 8, -1/78 HPs)
             Began as a Deep Dwarf Fighter on Sept 19, 2020.
             Was a Follower of Makhleb.
             Killed from afar by Maggie (30 damage)
             ... with a bolt of fire
             ... on level 6 of the Dungeon.
             The game lasted 00:16:39 (5350 turns).

DogServant the Chopper (Deep Dwarf Fighter)         Turns: 5350, Time: 00:16:40

Health: -1/78      AC:  7    Str: 22    XL:     8   Next: 47%
Magic:  9/9        EV:  7    Int:  9    God:    Makhleb [*.....]
Gold:   265        SH: 11    Dex: 12    Spells: 7/7 levels left

rFire    . . .     SeeInvis .   a - +1 war axe
rCold    + . .     Faith    .   c - +1 kite shield
rNeg     . . .     Spirit   .   b - +0 scale mail
rPois    .         Reflect  .   (no helmet)
rElec    .         Harm     .   (no cloak)
rCorr    .         Rampage  .   (no gloves)
MR       +....                  (no boots)
Stlth    +.........             (no amulet)
HPRegen  0.00/turn              p - ring of protection from cold
MPRegen  0.11/turn              t - ring of stealth

@: non-regenerating
A: damage resistance, heal wounds, sense surroundings 1, no regeneration
a: Heal Wounds, Renounce Religion


You were on level 6 of the Dungeon.
You worshipped Makhleb.
Makhleb was aware of your devotion.
You visited 2 branches of the dungeon, and saw 7 of its levels.

You collected 265 gold pieces.

Inventory:

Hand Weapons
 a - a +1 war axe (weapon)
Armour
 b - a +0 scale mail (worn)
 c - a +1 kite shield (worn)
 w - the +8 orange crystal plate armour {Archmagi, Int+3 Clar}
   (You found it on level 5 of the Dungeon)

   It affects your intelligence (+3).
   It protects you against confusion.
 x - a +0 tower shield
Jewellery
 l - an uncursed ring of protection from fire
 p - a ring of protection from cold (left hand)
 t - a ring of stealth (right hand)
Wands
 o - a wand of flame (16)
 u - a wand of paralysis (8)
Scrolls
 f - 6 scrolls of identify
 g - 2 scrolls of teleportation
 i - 3 scrolls of enchant armour
 j - 2 scrolls of immolation
 n - 2 scrolls of fog
 r - 2 scrolls of enchant weapon
Potions
 d - a potion of might
 e - 2 potions of brilliance
 h - a potion of heal wounds
 m - a potion of cancellation
 q - a potion of mutation
 s - 2 potions of resistance


   Skills:
 + Level 6.5 Fighting
 + Level 7.3 Axes
 - Level 4.5 Armour
 - Level 0.2 Dodging
 - Level 4.3 Shields
 - Level 4.1 Invocations


You had 7 spell levels left.
You didn't know any spells.
Your spell library contained the following spells:

 Spells                   Type           Power        Failure   Level
 Corona                   Hex            #......      99%         1
 Ensorcelled Hibernation  Hex/Ice        #.....       99%         2
 Confusing Touch          Hex            #.......     100%        3
 Dazzling Flash           Conj/Hex       #.....       100%        3
 Tukima's Dance           Hex            #.......     100%        3


Dungeon Overview and Level Annotations

Branches:
Dungeon (6/15)             Temple (1/1) D:4

Altars:
Ashenzari
Cheibriados
Dithmenos
Elyvilon
Fedhas
Hepliaklqana
Kikubaaqudgha
Makhleb
Nemelex Xobeh
Qazlal
Ru
Sif Muna
Trog
Uskayaw
Vehumet
Wu Jian
Xom
Zin

Annotations:
D:6 Maggie


Innate Abilities, Weirdness & Mutations

You are resistant to damage.
You can heal yourself by infusing magical energy.
You passively map a small area around you.
You do not regenerate.


Message History

You barely miss Maggie.
Maggie is moderately wounded.
You block Maggie's attack.
You hit Maggie but do no damage.
Maggie is moderately wounded.
You block Maggie's attack.
You closely miss Maggie.
Maggie is moderately wounded.
You block Maggie's attack.
You slash Maggie!
Maggie is heavily wounded.
Maggie hits you with a +0 war axe.
You closely miss Maggie.
Maggie is heavily wounded.
You block Maggie's attack.
You barely miss Maggie.
Maggie is heavily wounded.
Maggie casts a spell at you. The bolt of fire hits you!!
You die...

.... .... ### ....
######.### *#..
,*###.....#..### , #..
##.....#...#..### * ,, ,
..##....#...#...#..# *
#.#..#...#...#...#.
*...#@@....#...#...#...
.....)....#...#...#...#.
,
##.#.##.....#...#...#...
,......#.#...#...#...#.
,
##...###...#...#...#...
#...**#.#...#...#...#. ,
* #.#, ....#...#...#...
*#.* ####..#...#..##. *
..#..###..


You could see Maggie.

Vanquished Creatures
  An ice beast (D:6)
  A phantom (D:6)
  An ogre (D:4)
  A centaur (D:5)
  Blork the orc (D:6)
  A bullfrog (D:6)
  3 scorpions
  A centaur zombie (D:5)
  3 centaur skeletons
  4 hounds
  5 orc wizards
  An iguana (D:4)
  10 worker ants
  A hound skeleton (D:4)
  Robin (D:4)
  8 adders
  A white imp (D:5)
  An ufetubus (D:6)
  2 worms (D:3)
  3 dart slugs
  6 leopard geckos
  6 orcs
  7 giant cockroaches
  15 goblins
  15 hobgoblins
  8 jackals
  2 quokkas (D:3)
  10 bats
  9 frilled lizards
  6 kobolds
  A quokka skeleton (D:4)
  6 rats
141 creatures vanquished.

Vanquished Creatures (others)
  A hound (D:4)
1 creature vanquished.

Grand Total: 142 creatures vanquished

Notes
Turn   | Place    | Note
-------+----------+-------------------------------------------
     0 | D:1      | DogServant the Deep Dwarf Fighter began the quest for the
                  | Orb.
     0 | D:1      | Reached XP level 1. HP: 20/20 MP: 1/1
    92 | D:1      | Reached XP level 2. HP: 18/27 MP: 2/2
   688 | D:1      | Reached XP level 3. HP: 21/34 MP: 3/3
  1258 | D:2      | Reached XP level 4. HP: 41/42 MP: 4/4
  1261 | D:2      | Reached skill level 3 in Axes
  1448 | D:2      | Reached XP level 5. HP: 28/49 MP: 5/5
  2014 | D:3      | Found an ancient bone altar of Kikubaaqudgha.
  2560 | D:3      | Reached skill level 4 in Axes
  2691 | D:4      | HP: 2/50 [iguana (6)]
  2704 | D:4      | Reached XP level 6. HP: 37/57 MP: 6/6
  2805 | D:4      | Noticed Robin
  2857 | D:4      | Killed Robin
  2864 | D:4      | Reached skill level 5 in Axes
  3102 | D:4      | Found a staircase to the Ecumenical Temple.
  3168 | Temple   | Entered the Ecumenical Temple
  3295 | Temple   | Became a worshipper of Makhleb the Destroyer
  3370 | D:4      | Reached XP level 7. HP: 35/66 MP: 7/7
  3380 | D:4      | Reached skill level 5 in Fighting
  3598 | D:4      | HP: 1/67 [ogre/+0 giant spiked club (18)]
  3768 | D:5      | Entered Level 5 of the Dungeon
  3835 | D:5      | Reached skill level 1 in Invocations
  4141 | D:5      | Found the +8 orange crystal plate armour {Archmagi, Int+3
                  | Clar}
  4256 | D:5      | Reached skill level 6 in Axes
  4408 | D:5      | Found an ornate altar of the Wu Jian Council.
  4879 | D:6      | Reached XP level 8. HP: 17/76 MP: 8/8
  5024 | D:6      | Reached * piety under Makhleb
  5155 | D:6      | Reached skill level 7 in Axes
  5156 | D:6      | Noticed Blork the orc
  5167 | D:6      | Killed Blork the orc
  5333 | D:6      | Noticed Maggie
  5350 | D:6      | Killed from afar by Maggie

Illustrated notes

Levels and vault maps discovered:
D:1:      ncdulo_lavacross, layout_basic, minmay_tetromino_i4
D:2:      layout_rooms, kennysheep_generic_room_9
D:3:      layout_loops_cross, old_standard_altar, minmay_starry_boxes
D:4:      layout_cave_pools, lemuel_temple_firewalk_a, minmay_close_crescents,
          uniq_robin
D:5:      layout_basic, kennysheep_mini, roderic_lattice_a
D:6:      layout_cave_pools, kennysheep_small_spiral, hex_medium,
          hangedman_minor_gate_pass, uniq_maggie, uniq_blork_the_orc
Temple:   kb_temple_of_zot

Skill      XL: |  1  2  3  4  5  6  7  8 |
---------------+-------------------------+-----
Fighting       | 3 4 5 6 |  6.5
Armour         | 4 |  4.5
Axes           | 3 4 5 6 7 |  7.3
Shields        | 4 |  4.3
Invocations    | 3 4 |  4.1
Dodging        | |  0.2

Action                   |  1- 3 |  4- 6 |  7- 9 || total
-------------------------+-------+-------+-------++-------
Melee: War axe           |   128 |   248 |   154 ||   530
 Abil: Heal Wounds       |     1 |     4 |     6 ||    11
Evoke: Wand              |       |       |     1 ||     1
  Use: Scroll            |     3 |     9 |     6 ||    18
       Potion            |       |     1 |     1 ||     2
Armor: Scale mail        |    57 |   116 |    40 ||   213
Dodge: Dodged            |    57 |    77 |    46 ||   180
Block: Kite shield       |    85 |   153 |    88 ||   326

Table legend: (Time is in decaauts)
 A = Elapsed time spent in this place.
 B = Non-inter-level travel time spent in this place.
 C = Inter-level travel time spent in this place.
 D = Time resting spent in this place.
 E = Time spent auto-exploring this place.
 F = Levels seen in this place.
 G = Mean time per level.
                   A        B        C        D        E       F      G
               +--------+--------+--------+--------+--------+-----+--------+
         Total |   5540 |   5179 |    361 |   1125 |   2808 |   7 |  791.4 |
       Dungeon |   5395 |   5074 |    321 |   1125 |   2705 |   6 |  899.2 |
        Temple |    144 |    104 |     40 |      0 |    103 |   1 |  144.0 |
               +--------+--------+--------+--------+--------+-----+--------+

Top non-repeatable levels by time:
     D:3: 1184 daAuts
     D:5: 1115 daAuts
     D:1: 1098 daAuts
     D:4: 989 daAuts
     D:2: 508 daAuts
     D:6: 499 daAuts
  Temple: 144 daAuts
